 Dungeon Crawl Stone Soup version 0.28.0-53-g5a82cb258f (webtiles) character file.

Game seed: 3334226251896855748

74 Gabide the Stinger (level 3, -5/27 HPs)
             Began as a Demigod Venom Mage on June 20, 2022.
             Slain by Crazy Yiuf
             ... wielding a +2 quarterstaff of chaos
              (8 damage)
             ... on level 2 of the Dungeon.
             The game lasted 00:05:55 (2262 turns).

Gabide the Stinger (Demigod Venom Mage)             Turns: 2262, Time: 00:05:55

Health: -5/27      AC:  2    Str:  9    XL:     3   Next: 86%
Magic:  6/8        EV: 12    Int: 25    God:
Gold:   74         SH:  0    Dex: 18    Spells: 3/6 levels left

rFire   . . .      SeeInvis .   h - +10 hand axe of Courage {venom, Fly rC+ Int+4 Dex+4}
rCold   + . .      Faith    .   (no shield)
rNeg    . . .      Spirit   .   a - +0 robe
rPois   .          Reflect  .   (no helmet)
rElec   .          Harm     .   (no cloak)
rCorr   .          Rampage  .   (no gloves)
Will    .....                   (no boots)
Stlth   ++........              (no amulet)
HPRegen 0.09/turn               (no ring)
MPRegen 0.11/turn               (no ring)

@: flying
A: high MP 1, forlorn, divine attributes
a: no special abilities


You were on level 2 of the Dungeon.
You visited 1 branch of the dungeon, and saw 2 of its levels.

You collected 74 gold pieces.

Inventory:

Hand Weapons
 h - the +10 hand axe of Courage (weapon) {venom, Fly rC+ Int+4 Dex+4}
   (You found it on level 1 of the Dungeon)

   It poisons the flesh of those it strikes.
   Int:       It affects your intelligence (+4).
   Dex:       It affects your dexterity (+4).
   rC:        It protects you from cold.
   Fly:       It grants you flight.
 i - a +2 dagger of distortion
Armour
 a - a +0 robe (worn)
Wands
 j - a wand of charming (7)
Scrolls
 b - a scroll of magic mapping
 c - a scroll of noise
 e - a scroll of immolation {unknown}
 f - 2 scrolls of teleportation
Potions
 g - 2 potions of curing


   Skills:
 + Level 0.9 Fighting
 - Level 0.1 Short Blades
 + Level 2.2 Dodging
 - Level 1.7 Stealth
 + Level 2.0 Spellcasting
 * Level 2.0 Transmutations
 * Level 3.3 Poison Magic


You had 3 spell levels left.
You knew the following spells:

 Your Spells              Type           Power      Damage    Failure   Level
a - Sting                 Tmut/Pois      64%        1d6       3%          1
b - Poisonous Vapours     Pois/Air       20%        N/A       9%          2

Your spell library contained the following spells:

 Spells                   Type           Power      Damage    Failure   Level
 Mephitic Cloud           Conj/Pois/Air  8%         N/A       22%         3
 Olgreb's Toxic Radiance  Pois           19%        N/A       28%         4


Dungeon Overview and Level Annotations

Branches:
Dungeon (2/15)

Shops:
D:1 [

Annotations:
D:2 Crazy Yiuf


Innate Abilities, Weirdness & Mutations

You have an increased reservoir of magic. (+10% MP)
You shall have no god before yourself.
Your divine heritage dramatically boosts your attributes as you level up.


Message History

No target in view!
No target in view!
You reach down and open the door.
There is an open door here.
There is an open door here.
There is an open door here.
There is an open door here.
There is an open door here.
Key pressed, stopping explore.
Crazy Yiuf shouts!
Could not explore, unopened runed door.
Could not explore, unopened runed door.
Press: ? - help, v - describe, . - travel
Here: Crazy Yiuf, wielding a +2 quarterstaff of chaos and wearing a +2 cloak (fire blocked by a runed translucent door)
The floor.
Unknown command.
Unknown command.
Unknown command.
As you read the scroll of identify, it crumbles to dust.
f - 2 scrolls of teleportation
As you read the scroll of identify, it crumbles to dust.
b - a scroll of magic mapping
As you read the scroll of identify, it crumbles to dust.
c - a scroll of noise Crazy Yiuf yells, "Snoogle koolooloo shrimp!"
You reach down and open the door.
You hit Crazy Yiuf.
Crazy Yiuf is poisoned.
Crazy Yiuf is moderately wounded.
Crazy Yiuf says, "Crazy?
Crazy!?
PORCUPINE!"
Crazy Yiuf barely misses you.
You completely miss Crazy Yiuf.
Crazy Yiuf is moderately wounded.
Crazy Yiuf hits you with a +2 quarterstaff of chaos!
You feel your power leaking away.
Crazy Yiuf says, "Hah shoe sizzlefizz!"
Crazy Yiuf hits you with a +2 quarterstaff of chaos!
Ouch! That really hurt!
* * * LOW HITPOINT WARNING * * *
Space warps horribly around you!
You die...

#.# #.......#
#>.......# ###.#
#.......#
#.###'#### #...#
#.......# #.#
#.#### #.###
######### #.#
#..... #.# #.#
###### #.# #.# #
#.###♣♣ ### #.# #
#.....♣♣ ♣♣#..)#
#.# #
#......♣♣♣♣@g...#
#.# #
##......♣..♣#...#
#.# # ##....♣.♣♣♣
### #.# #
###♣♣♣♣♣ #.# #
#.# # #.# # ### #
# #


You could see Crazy Yiuf (very poisoned).

Vanquished Creatures
  2 adders (D:2)
  A worm (D:2)
  2 dart slugs (D:2)
  5 ball pythons
  3 bats
  9 endoplasms
  3 giant cockroaches
  3 goblins
  A hobgoblin (D:2)
  3 jackals (D:2)
  6 kobolds
  A quokka (D:1)
  2 frilled lizards
  3 rats
44 creatures vanquished.

Notes
Turn   | Place    | Note
-------+----------+-------------------------------------------
     0 | D:1      | Gabide the Demigod Venom Mage began the quest for the Orb.
     0 | D:1      | Reached XP level 1. HP: 14/14 MP: 5/5
    99 | D:1      | Reached skill level 1 in Transmutations
   566 | D:1      | Reached XP level 2. HP: 10/20 MP: 0/7
   846 | D:1      | Identified the +10 hand axe of Courage {venom, Fly rC+
                  | Int+4 Dex+4}
   899 | D:1      | Found Cauteet's Antique Armour Emporium.
   904 | D:1      | Reached skill level 3 in Poison Magic
   943 | D:1      | Learned a level 2 spell: Poisonous Vapours
  1041 | D:1      | You are sucked into a shaft and drop 1 floor!
  1169 | D:2      | Reached XP level 3. HP: 27/27 MP: 4/8
  2036 | D:2      | Found a runed translucent door.
  2037 | D:2      | Noticed Crazy Yiuf
  2262 | D:2      | Slain by Crazy Yiuf

Illustrated notes

Levels and vault maps discovered:
D:1:      scummos_arrival_star, layout_basic, serial_shops, shop,
          hellmonk_ecumenical_altar_lost_god
D:2:      layout_basic, uniq_crazy_yiuf_cottage

Skill      XL: |  1  2  3 |
---------------+----------+-----
Transmutations | 1 2 |  2.0
Poison Magic   | 3 |  3.3
Dodging        | 2 |  2.2
Spellcasting   | 2 |  2.0
Fighting       | |  0.9
Short Blades   | |  0.1
Stealth        | |  1.7

Action                   || total
-------------------------++-------
Melee: Unarmed           ||    11
       Punch             ||     2
       Hand axe          ||    37
 Cast: Sting             ||    46
       Poisonous Vapours ||     3
  Use: Scroll            ||     5
 Stab: Sleeping          ||     1
Armor: Robe              ||     7
Dodge: Dodged            ||    42
